 Dungeon Crawl Stone Soup version 0.21.1-1-g345015f (webtiles) character file.

6863 Kandryn the Cleaver (level 10, -3/96 (97) HPs)
             Began as a Troll Fighter on June 20, 2018.
             Was an Elder of Okawaru.
             Slain by a six-headed hydra (13 damage)
             ... on level 1 of the Lair of Beasts.
             The game lasted 00:58:00 (8793 turns).

Kandryn the Cleaver (Troll Fighter)                 Turns: 8793, Time: 00:58:00

HP:   -3/96 (97)    AC:  9    Str: 27 (29) XL:     10   Next: 78%
MP:   8/8           EV: 11    Int:  4 (6)  God:    Okawaru [****..]
Gold: 547           SH: 11    Dex:  9 (12) Spells: 8/9 levels left

rFire    + . .     SeeInvis .   j - +1 hand axe (venom)
rCold    . . .     Gourm    +   c - +1 shield
rNeg     . . .     Faith    .   b - +0 robe
rPois    .         Spirit   .   (helmet restricted)
rElec    .         Reflect  .   n - +1 cloak
rCorr    .         Harm     .   (gloves unavailable)
MR       .....                  (boots unavailable)
Stlth    ++........             (no amulet)
HPRegen  0.66/turn              e - +3 ring of dexterity
MPRegen  0.11/turn              t - ring of flight

@: about to teleport, slowed, very slow
A: large, unfitting armour, claws 3, molten scales 1, clever 1, fire resistance
1, fast metabolism 3, gourmand, low mp 1, regeneration 1, shaggy fur 1, tough
skin 2
a: Heroism, Renounce Religion, Evoke Flight


You were on level 1 of the Lair of Beasts.
You worshipped Okawaru.
Okawaru was greatly pleased with you.
You were completely stuffed.

You visited 3 branches of the dungeon, and saw 12 of its levels.

You collected 547 gold pieces.

Inventory:

Hand Weapons
 a - a +1 war axe
 j - a +1 hand axe of venom (weapon)
Armour
 b - a +0 robe (worn)
 c - a +1 shield (worn)
 n - a +1 cloak (worn)
 y - a +0 shield
Jewellery
 e - a +3 ring of dexterity (left claw)
 t - a ring of flight (right claw)
 B - an uncursed ring of wizardry
 E - an uncursed amulet of magic regeneration {unknown}
 L - an uncursed ring of magical power {unknown}
Wands
 l - a wand of digging (11)
 u - a wand of acid (19)
 v - a wand of iceblast (15)
 A - a wand of flame (17)
 I - a wand of disintegration (17)
Scrolls
 g - 5 scrolls of identify
 i - 3 scrolls of teleportation
 o - a scroll of noise
 D - a scroll of fear
 G - 2 scrolls of immolation {unknown}
 H - a scroll of holy word {unknown}
 J - 2 scrolls of remove curse
 K - a scroll of amnesia
 N - 2 scrolls of magic mapping
Potions
 d - 3 potions of might
 h - 4 potions of lignification
 k - a potion of brilliance {unknown}
 m - 3 potions of curing
 p - a potion of invisibility
 q - 2 potions of flight
 r - a potion of resistance
 s - 3 potions of mutation
 w - a potion of haste {unknown}
 z - 2 potions of agility {unknown}
 C - 2 potions of heal wounds
Books
 F - a book of Necromancy

   Spells                             Type                      Level
   a - Pain                           Necromancy                   1
   b - Animate Skeleton               Necromancy                   1
   c - Vampiric Draining              Necromancy                   3
   d - Regeneration                   Charms/Necromancy            3
   e - Animate Dead                   Necromancy                   4
   f - Borgnjor's Vile Clutch         Necromancy/Earth             5
Comestibles
 f - 15 rations


   Skills:
 + Level 5.6 Fighting
 + Level 9.2 Axes
 + Level 6.5 Dodging
 + Level 2.0 Stealth
 + Level 6.9 Shields
 + Level 0.1 Spellcasting
 + Level 0.1 Necromancy


You had 8 spell levels left.
You knew the following spells:

 Your Spells              Type           Power        Failure   Level  Hunger
a - Animate Skeleton      Necr           N/A          65%         1    ##.....


Dungeon Overview and Level Annotations

Branches:
Dungeon (10/15)            Temple (1/1) D:4            Lair (1/6) D:9
    Orc (0/2) D:10

Altars:
Ashenzari
Cheibriados
Dithmenos
Elyvilon
Fedhas
Gozag
Hepliaklqana
Kikubaaqudgha
Nemelex Xobeh
Okawaru
Qazlal
Ru
Sif Muna
Trog
Uskayaw
Vehumet
Wu Jian
Xom
Yredelemnul
The Shining One

Shops:
D:4 [*}*   D:7 [

Annotations:
D:9 exclusion: ice statue
Lair:1 Erica


Innate Abilities, Weirdness & Mutations

You are too large for most types of armour.
You have claws for hands.
Your metabolism is lightning-fast.
You like to eat raw meat.
Your natural rate of healing is unusually fast.
You are covered in fur. (AC +1)
You have very tough skin. (AC +2)
You are partially covered in molten scales. (AC +2)
Your mind is acute. (Int +2)
Your flesh is heat resistant. (rF+)
Your magical capacity is low. (-10% MP)


Message History

You block the six-headed hydra's attack.
The six-headed hydra bites you but does no damage.
The six-headed hydra bites you! Something hits you! Something burns you.
You are starting to lose your buoyancy.
The six-headed hydra barely misses you. The six-headed hydra bites you!
The six-headed hydra bites you.
You block the six-headed hydra's attack.
The six-headed hydra bites you! The six-headed hydra misses you.
You float gracefully downwards.
You block the six-headed hydra's attack.
The six-headed hydra bites you but does no damage.
The six-headed hydra bites you. The six-headed hydra bites you!
* * * LOW HITPOINT WARNING * * *
You block the six-headed hydra's attack.
The six-headed hydra closely misses you.
As you read the scroll of teleportation, it crumbles to dust.
You feel strangely unstable. The six-headed hydra bites you!
* * * LOW HITPOINT WARNING * * *
The six-headed hydra bites you!
You die...

#.##..# ####...#
#.##..####.......
##.##....##.##...#
#...............##
#.......#.#......#
#....#..###.....##
####.#.#..# #.....#
##P###.....# #.....#
#..D@......# #.....#
##.#####..(.# ###...##
#..## #...## ##..#.# ##..#
#...# #...### #.#####..##
##..# #
#.##P##..######...###
#....................
#.##.####.######P##.#
######.##.###.####.#####.#


You could see a six-headed hydra.

Vanquished Creatures
  Joseph (D:9)
  A troll (D:9)
  A komodo dragon (Lair:1)
  2 hippogriffs
  A spriggan (D:7)
  A wyvern (D:8)
  A wraith (D:9)
  A basilisk (Lair:1)
  3 hungry ghosts
  Edmund (D:4)
  3 porcupines
  An orc warrior (D:9)
  3 sky beasts
  3 black bears
  3 ogres
  A phantom (D:10)
  2 necrophages (D:8)
  3 centaurs
  2 crocodiles (D:9)
  2 big kobolds
  11 bullfrogs
  6 scorpions
  6 killer bees (D:7)
  4 howler monkeys
  A centaur zombie (D:8)
  2 crimson imps
  A jelly (D:8)
  A centaur skeleton (D:5)
  3 orc priests
  4 hounds
  9 orc wizards
  Ijyb (D:5)
  An iguana (D:6)
  7 worker ants
  A killer bee zombie (D:9)
  6 ogre zombies (D:10)
  A hound zombie (D:7)
  Robin (D:4)
  A worker ant zombie (D:6)
  12 adders
  A howler monkey skeleton (D:8)
  A shadow imp (D:6)
  3 oozes
  An adder skeleton (D:5)
  3 dart slugs
  A worm (D:2)
  4 leopard geckos
  35 orcs
  2 ball pythons
  5 giant cockroaches
  16 goblins
  12 hobgoblins
  15 jackals
  2 quokkas
  6 bats
  7 frilled lizards
  A goblin skeleton (D:10)
  A hobgoblin skeleton (D:10)
  A hobgoblin zombie (D:10)
  17 kobolds
  2 leopard gecko skeletons
  An orc skeleton (D:10)
  13 orc zombies (D:10)
  A quokka skeleton (D:7)
  8 rats
  2 fungi (D:9)
  5 plants (D:9)
281 creatures vanquished.

Vanquished Creatures (others)
  An orc wizard (D:4)
  10 fungi
11 creatures vanquished.

Grand Total: 292 creatures vanquished

Notes
Turn   | Place    | Note
-------+----------+-------------------------------------------
     0 | D:1      | Kandryn the Troll Fighter began the quest for the Orb.
     0 | D:1      | Reached XP level 1. HP: 22/22 MP: 0/0
   159 | D:1      | Reached XP level 2. HP: 29/29 MP: 1/1
   787 | D:1      | Reached skill level 2 in Axes
   973 | D:2      | Reached XP level 3. HP: 36/36 MP: 2/2
  1277 | D:2      | Reached XP level 4. HP: 44/44 MP: 3/3
  1610 | D:3      | Found a white marble altar of Elyvilon.
  1795 | D:3      | Found a hazy altar of Hepliaklqana.
  2447 | D:4      | Reached skill level 3 in Axes
  2447 | D:4      | Reached XP level 5. HP: 51/53 MP: 4/4
  2590 | D:4      | Reached XP level 6. HP: 61/61 MP: 5/5
  2666 | D:4      | Found Peunies's Armour Shoppe.
  2693 | D:4      | Noticed Robin
  2693 | D:4      | Noticed Edmund
  2713 | D:4      | Killed Robin
  2726 | D:4      | Killed Edmund
  2726 | D:4      | Reached skill level 4 in Axes
  2866 | D:4      | Found Fabbotse's General Store.
  2867 | D:4      | Found Wypnul's Gadget Shoppe.
  2976 | D:4      | Reached XP level 7. HP: 57/67 MP: 6/6
  3177 | D:4      | Found a staircase to the Ecumenical Temple.
  3199 | Temple   | Entered the Ecumenical Temple
  3231 | Temple   | Became a worshipper of Warmaster Okawaru
  3291 | D:4      | Found Ablur's General Store.
  3330 | D:5      | Entered Level 5 of the Dungeon
  3416 | D:5      | Noticed Ijyb
  3425 | D:5      | Killed Ijyb
  3484 | D:5      | Gained mutation: Your flesh is heat resistant. (rF+) [potion of mutation]
  3484 | D:5      | Gained mutation: Your mind is acute. (Int +2) [potion of mutation]
  3484 | D:5      | Gained mutation: Your magical capacity is low. (-10% MP) [potion of mutation]
  3484 | D:5      | Gained mutation: You are partially covered in molten scales. (AC +2) [potion of mutation]
  3610 | D:5      | Reached * piety under Okawaru
  3610 | D:5      | Reached skill level 5 in Axes
  3610 | D:5      | Reached skill level 1 in Stealth
  3747 | D:5      | Reached XP level 8. HP: 74/78 MP: 6/6
  4960 | D:7      | Found a shimmering altar of Xom.
  5125 | D:7      | Reached skill level 6 in Axes
  5126 | D:7      | Reached ** piety under Okawaru
  5230 | D:7      | Found Qetityaq's Armour Shoppe.
  5273 | D:7      | Reached skill level 5 in Shields
  5281 | D:7      | Reached skill level 5 in Dodging
  5281 | D:7      | Reached XP level 9. HP: 33/84 MP: 7/7
  5462 | D:7      | Reached *** piety under Okawaru
  5584 | D:7      | Reached skill level 7 in Axes
  5588 | D:7      | Learned a level 1 spell: Animate Skeleton
  5887 | D:7      | Found a glowing golden altar of the Shining One.
  5887 | D:7      | Found an ornate altar of the Wu Jian Council.
  6654 | D:9      | Found a staircase to the Lair.
  6686 | D:9      | Reached **** piety under Okawaru
  6694 | D:9      | Reached XP level 10. HP: 25/93 MP: 8/8
  6889 | D:9      | Reached skill level 8 in Axes
  6949 | D:9      | Reached skill level 5 in Fighting
  7207 | D:9      | Noticed Joseph
  7222 | D:9      | Killed Joseph
  7222 | D:9      | Received a gift from Okawaru
  7268 | D:9      | Found a deep blue altar of Sif Muna.
  7624 | D:9      | Noticed an ice statue
  7977 | D:10     | Entered Level 10 of the Dungeon
  8103 | D:10     | Found a staircase to the Orcish Mines.
  8324 | Lair:1   | Entered Level 1 of the Lair of Beasts
  8376 | Lair:1   | Reached skill level 9 in Axes
  8725 | Lair:1   | Noticed Erica
  8780 | Lair:1   | Noticed a six-headed hydra
  8793 | Lair:1   | Slain by a six-headed hydra

Skill      XL: |  1  2  3  4  5  6  7  8  9 10 |
---------------+-------------------------------+-----
Axes           | 2 3 4 5 6 7 9 |  9.2
Dodging        | 3 4 5 6 |  6.5
Fighting       | 3 4 5 |  5.6
Shields        | 3 4 5 6 |  6.9
Stealth        | 1 2 |  2.0
Spellcasting   | |  0.1
Necromancy     | |  0.1

Action                   |  1- 3 |  4- 6 |  7- 9 | 10-12 || total
-------------------------+-------+-------+-------+-------++-------
Melee: War axe           |    98 |    82 |       |       ||   180
       Hand axe          |       |   123 |   420 |   302 ||   845
 Cast: Animate Skeleton  |       |       |     1 |       ||     1
Invok: Heroism           |       |       |       |     1 ||     1
Evoke: Wand              |       |       |       |     3 ||     3
  Use: Scroll            |     6 |     3 |     5 |     2 ||    16
       Potion            |     2 |     2 |     2 |     4 ||    10
 Stab: Sleeping          |       |       |     3 |     3 ||     6
  Eat: Chunk             |    17 |    17 |    44 |    26 ||   104
       Ration            |       |       |     1 |     1 ||     2
Armor: Robe              |    27 |    53 |   100 |    57 ||   237
Dodge: Dodged            |    32 |    71 |   126 |    86 ||   315
Block: Shield            |    57 |   115 |   232 |   147 ||   551
